Map: [ESL] Site Delta

Players

Highdra - Winner!

  • Race: Protoss Protoss
  • League: Grandmaster
  • Spawn Location: 11:00

Mixu

  • Race: Zerg Zerg
  • League: Grandmaster
  • Spawn Location: 5:00

Event: HomeStory Cup XXIV

VOD

Have the link to the VOD?

Description

Time

  • Played on: Dec. 2, 2023, 3:51 p.m.
  • Length: 10:41

All games in this series

Show
View Real Time Build Order
Export as new Build Order

Highdra Protoss - Winner!

Build Orders: 1 Gate Expand, Carrier Rush 

Get SALT Encoding   

  12  0:00  Probe  
  13  0:12  Probe  
  14  0:19  Pylon  
  14  0:24  Probe  
  15  0:37  Probe (Chrono Boost)  
  15  0:39  Gateway  
  16  0:46  Probe (Chrono Boost)  
  16  0:49  Assimilator  
  17  0:52  Probe (Chrono Boost)  
  18  1:04  Probe  
  19  1:16  Probe  
  20  1:25  Nexus  
  20  1:35  Cybernetics Core  
  20  1:38  Probe  
  21  1:46  Assimilator  
  21  1:50  Probe  
  22  1:55  Pylon  
  22  2:02  Probe  
  23  2:10  Adept (Chrono Boost)  
  23  2:14  Probe  
  26  2:23  Stargate  
  26  2:27  Probe (Chrono Boost)  
  27  2:30  Adept (Chrono Boost)  
  29  2:37  Probe (Chrono Boost)  
  29  2:39  Warp Gate  
  31  2:44  Probe (Chrono Boost)  
  31  2:46  Probe (Chrono Boost)  
  31  2:51  Probe x2 (Chrono Boost)  
  33  2:53  Adept  
  36  3:03  Probe  
  37  3:06  Probe  
  42  3:15  Void Ray (Chrono Boost), Probe  
  42  3:16  Pylon  
  42  3:18  Probe  
  45  3:27  Probe  
  45  3:30  Probe  
  45  3:33  Gateway  
  46  3:36  Assimilator  
  46  3:38  Assimilator  
  46  3:39  Probe  
  47  3:42  Probe  
  47  3:47  Pylon  
  48  3:51  Probe  
  48  3:54  Probe  
  48  3:55  Pylon  
  50  4:03  Probe  
  50  4:05  Stargate  
  50  4:06  Probe  
  50  4:09  Fleet Beacon  
  52  4:15  Probe  
  53  4:18  Probe  
  54  4:27  Probe  
  52  4:34  Pylon  
  51  4:47  Twilight Council  
  51  4:50  Carrier (Chrono Boost)  
  51  4:55  Carrier (Chrono Boost)  
  63  5:01  Probe  
  63  5:02  Forge  
  63  5:03  Adept  
  63  5:05  Adept  
  67  5:19  Twilight Council  
  67  5:22  Gateway x2  
  67  5:43  Gateway  
  67  5:44  Gateway  
  67  5:49  Carrier (Chrono Boost)  
  73  6:00  Carrier, Pylon  
  73  6:01  Pylon  
  78  6:11  Resonating Glaives (Chrono Boost)  
  78  6:19  Gateway  
  78  6:20  Robotics Facility, Gateway  
  74  6:46  Adept  
  76  6:47  Adept x4  
  76  6:48  Adept  
  76  6:50  Pylon x2  
  76  6:51  Pylon  
  86  7:06  Warp Prism (Chrono Boost)  
  86  7:10  Pylon  
  86  7:12  Pylon  
  86  7:14  Pylon  
  82  7:16  Stalker  
  82  7:18  Sentry  
  82  7:20  Sentry  
  74  7:30  Sentry, Stalker  
  76  7:43  Protoss Air Weapons Level 1 (Chrono Boost)  
  76  7:44  Adept x3  
  78  7:45  Adept  
  84  8:06  Adept x5  
  84  8:10  Adept  
  92  8:35  Adept x2  
  92  8:36  Adept x5  
  80  9:27  Stalker x5  
  80  9:28  Stalker x2  
  88  9:37  Adept  
  86  10:01  Pylon  
  84  10:08  Pylon  
  84  10:10  Pylon  
  84  10:20  Stalker x4  
  84  10:21  Stalker x4  
Show
View Real Time Build Order
Export as new Build Order

Mixu Zerg 

Build Orders: Hatch First 

Get SALT Encoding   

  12  0:00  Drone  
  13  0:12  Overlord  
  13  0:16  Drone  
  14  0:30  Drone x2  
  16  0:44  Drone  
  17  0:53  Hatchery  
  17  0:54  Drone  
  17  0:58  Drone  
  18  1:08  Extractor  
  17  1:13  Spawning Pool  
  17  1:17  Drone  
  17  1:20  Drone  
  18  1:28  Drone  
  19  1:38  Drone  
  20  1:49  Overlord  
  20  1:59  Queen  
  22  2:05  Zergling x2, Drone, Queen  
  26  2:12  Zergling x2, Metabolic Boost  
  26  2:15  Drone  
  28  2:22  Drone  
  29  2:27  Drone  
  30  2:36  Hatchery  
  29  2:39  Drone  
  29  2:41  Drone  
  31  2:47  Queen  
  33  2:52  Overlord  
  33  2:54  Drone  
  33  2:57  Zergling x2  
  35  3:00  Drone  
  35  3:05  Zergling x2  
  36  3:10  Queen  
  38  3:13  Overlord  
  38  3:17  Drone  
  39  3:21  Drone x2  
  39  3:26  Drone  
  41  3:28  Drone x2  
  41  3:34  Queen  
  43  3:36  Drone  
  43  3:38  Drone  
  43  3:41  Overlord  
  47  3:43  Drone  
  48  3:49  Queen  
  48  3:50  Drone  
  48  3:52  Drone  
  52  3:56  Spore Crawler  
  52  3:59  Overlord  
  52  4:01  Drone  
  52  4:06  Zergling x4  
  54  4:10  Overlord  
  54  4:11  Drone x3  
  54  4:25  Spore Crawler  
  54  4:28  Drone x7  
  54  4:30  Drone  
  59  4:35  Drone x3  
  62  4:39  Drone x2  
  62  4:42  Overlord  
  64  4:47  Overlord  
  64  4:49  Drone  
  65  4:53  Roach Warren  
  65  4:56  Overlord  
  64  5:02  Overlord  
  64  5:05  Extractor  
  63  5:09  Drone x3  
  63  5:10  Drone x4  
  63  5:11  Drone  
  70  5:18  Overlord  
  70  5:27  Extractor  
  70  5:28  Queen  
  70  5:33  Spore Crawler  
  70  5:34  Roach x6  
  81  5:39  Overlord  
  81  5:48  Extractor  
  81  5:49  Drone x3  
  83  5:51  Overlord  
  83  5:52  Lair  
  83  5:58  Roach x2  
  83  6:00  Extractor  
  83  6:01  Zergling x16  
  83  6:02  Queen  
  96  6:08  Overlord x2  
  96  6:12  Roach  
  96  6:13  Roach x4  
  106  6:21  Queen, Overlord  
  106  6:23  Overlord  
  106  6:24  Drone x2  
  106  6:25  Spore Crawler  
  106  6:38  Queen  
  102  6:41  Spore Crawler  
  102  6:42  Spore Crawler  
  102  6:45  Spore Crawler  
  96  6:47  Drone x4  
  96  6:48  Drone x6  
  96  6:52  Extractor  
  103  6:55  Spore Crawler  
  103  6:57  Drone x3  
  103  6:58  Drone x2  
  101  7:07  Spire  
  96  7:11  Drone x2  
  93  7:25  Drone x5  
  93  7:26  Drone x3  
  93  7:27  Queen  
  100  7:33  Queen  
  89  7:58  Drone, Hatchery  
  89  8:00  Drone  
  89  8:03  Queen  
  94  8:06  Drone, Spore Crawler  
  94  8:12  Spore Crawler  
  94  8:13  Spore Crawler  
  94  8:18  Zergling x6  
  98  8:20  Corruptor x6  
  98  8:22  Corruptor  
  98  8:24  Corruptor x3  
  111  8:33  Corruptor  
  90  9:00  Zergling x8  
  86  9:06  Roach Warren  
  86  9:07  Zergling x10  
  80  9:15  Queen  
  63  9:25  Drone x6  
  65  9:32  Mutalisk  
  54  9:49  Roach x5  
  57  9:55  Mutalisk  
  47  10:00  Mutalisk  
  47  10:01  Mutalisk  
  47  10:07  Roach  
  51  10:13  Roach  
Tags
 
Add a new tag
Caveats
  • Supply blocks, unpowered buildings, or Contaminate may cause inaccurate times.
  • Supply counts are checked every 10 seconds.